 Dungeon Crawl Stone Soup version 0.23.0 (webtiles) character file.

Game seed: 14688218811939883084

177 Monsterracer the Sneak (level 5, -2/25 HPs)
             Began as a Felid Wanderer on Feb 18, 2019.
             Slain by a river rat (6 damage)
             ... in a sewer.
             The game lasted 00:06:30 (4699 turns).

Monsterracer the Sneak (Felid Wanderer)             Turns: 4699, Time: 00:06:31

Health: -2/25      AC:  1    Str:  9    XL:     5   Next: 30%
Magic:  6/6        EV: 15    Int: 13    God:
Gold:   205        SH:  0    Dex: 16    Spells: 4/4 levels left
                                        Lives:  0   Deaths: 1

rFire    . . .     SeeInvis +     - Unarmed
rCold    . . .     Gourm    .   (shield unavailable)
rNeg     . . .     Faith    .   (armour unavailable)
rPois    +         Spirit   .   (helmet unavailable)
rElec    .         Reflect  .   (cloak unavailable)
rCorr    .         Harm     .   (gloves unavailable)
MR       .....                  (boots unavailable)
Stlth    ++........             (no amulet)
HPRegen  0.08/turn              g - ring of wizardry
MPRegen  0.10/turn              P - ring of poison resistance

@: very slow
A: very small, no armour, no weapons or thrown items, stealth, claws 1, fangs 3,
see invisible, carnivore, speed 1, shaggy fur 1, slow metabolism 1, sharp paws
a: no special abilities


You were in a sewer.
You were not hungry.

You visited 1 branch of the dungeon, and saw 3 of its levels.
You also visited: Sewer.

You collected 205 gold pieces.

Inventory:

Jewellery
 g - a ring of wizardry (left paw)
 P - a ring of poison resistance (right paw)
Scrolls
 e - 4 scrolls of teleportation {unknown}
 f - a scroll of fog {unknown}
 i - 2 scrolls of fear {unknown}
 j - a scroll of remove curse {unknown}
 l - 2 scrolls of enchant armour
 m - 3 scrolls of amnesia {unknown}
 n - a scroll of random uselessness {unknown}
Potions
 a - a potion of mutation {!q}
 c - a potion of magic
 d - 2 potions of heal wounds
 h - a potion of haste
 k - 2 potions of ambrosia {!q}
 z - a potion of brilliance
Comestibles
 b - 5 rations


   Skills:
 + Level 3.7 Fighting
 + Level 0.5 Dodging
 - Level 6.6 Stealth
 * Level 5.0 Unarmed Combat
   Level 1.1 Evocations


You had 4 spell levels left.
You didn't know any spells.
Your spell library was empty.

Dungeon Overview and Level Annotations

Branches:
Dungeon (3/15)

Altars:
Elyvilon


Innate Abilities, Weirdness & Mutations

You cannot wear armour.
You are incapable of wielding weapons or throwing items.
Your paws allow you to move quietly. (Stealth)
You have sharp claws.
You have razor-sharp teeth.
You have supernaturally acute eyesight. (SInv)
You are carnivorous and can eat meat at any time.
You cover ground quickly.
You are covered in fur. (AC +1)
You have a slow metabolism.
Your sharp claws are effective at attacking unaware monsters.


Message History

You scratch the rat.
The rat is heavily wounded.
The rat twitches its whiskers.
The rat closely misses you.
You claw the rat!
You kill the rat!
Your Unarmed Combat skill increases to level 5!
The adder is too close now for your liking.
You regained 3 hp, and now have 23/25 hp.
An adder is nearby!
An adder is nearby!
The adder closely misses you. The adder barely misses you.
You miss the adder. The adder bites you.
You take 4 damage, and have 19/25 hp.
You completely miss the adder. You bite the adder, but do no damage.
The adder closely misses you.
You barely miss the adder. The adder completely misses you.
You barely miss the adder. Your bite misses the adder. The adder bites you.
You are poisoned.
The adder poisons you!
You take 1 damage, and have 18/25 hp.
You scratch the adder.
The adder is heavily wounded.
You feel sick. The adder bites you.
You take 4 damage, and have 14/25 hp.
You are too injured to fight recklessly!
You are too injured to fight recklessly!
You claw the adder!
You kill the adder!
You enter the shallow water.
Moving in this stuff is going to be slow.
You feel sick.
You see here an adder corpse.
You take 1 damage, and have 13/25 hp.
You feel sick.
You feel sick.
You feel sick.
You feel sick.
You feel sick.
You are no longer poisoned.
You butcher the adder corpse.
You hear a splash.
f - a chunk of flesh You see here an adder skeleton. x2
Eating a chunk of flesh.
You eat the chunk of flesh.
This raw flesh tastes great.
You enter the shallow water.
Moving in this stuff is going to be slow.
You enter the shallow water.
Moving in this stuff is going to be slow.
Key pressed, stopping explore.
e - 4 scrolls labeled IRHAGG MUSID BOD (gained 1)
f - a scroll labeled YDILERUVEACU Health restored: 25 You enter the shallow water.
Moving in this stuff is going to be slow.
You enter the shallow water.
Moving in this stuff is going to be slow.
A river rat comes into view.
A river rat is nearby!
A river rat is nearby!
A river rat comes into view.
Your unstable footing causes you to fumble your attack.
The river rat bites you.
You take 5 damage, and have 20/25 hp.
The river rat bites you.
You take 1 damage, and have 19/25 hp.
You scratch the river rat.
The river rat is lightly wounded.
You swing at nothing.
The river rat barely misses you.
You scratch the river rat.
The river rat is moderately wounded.
The river rat barely misses you. x2
The river rat twitches its whiskers.
You enter the shallow water.
Moving in this stuff is going to be slow.
The river rat barely misses you. The river rat bites you.
You take 6 damage, and have 14/25 hp.
MASSIVE DAMAGE!!
The river rat completely misses you. The river rat misses you.
You scratch the river rat.
The river rat is heavily wounded.
You enter the shallow water.
Moving in this stuff is going to be slow.
The river rat bites you.
* * * LOW HITPOINT WARNING * * *
The river rat bites you.
* * * LOW HITPOINT WARNING * * *
The river rat closely misses you.
You take 11 damage, and have 3/25 hp.
MASSIVE DAMAGE!!
The river rat closely misses you.
You enter the shallow water.
Moving in this stuff is going to be slow.
The river rat barely misses you.
You scratch the river rat but do no damage.
The river rat is heavily wounded.
You enter the shallow water.
Moving in this stuff is going to be slow.
The river rat bites you.
You die...

# ##.≈.## ##.≈.## ##...##
####...≈≈#####.≈...####..≈≈.#
≈≈≈≈≈.∩.≈≈≈≈≈≈≈.≈.≈≈≈≈≈...≈.#
####≈∩≈.≈#####.....####....≈#
# ##...## ##≈≈.## ##...##
##≈## ##≈## ##### #≈# #≈# #≈#
#r# ##÷## ##@## ##≈≈.##
##r..## #....≈#####..≈..##
#.≈.≈.≈≈≈≈≈....≈....
#..≈..#####≈...≈#### ##.≈.##
##..≈## ##### #####


You could see 2 river rats.

Vanquished Creatures
  A big kobold (Sewer)
  6 adders
  3 river rats
  2 oozes (Sewer)
  3 worms
  2 leopard geckos
  4 ball pythons
  2 giant cockroaches
  12 goblins
  6 hobgoblins
  A quokka (D:2)
  4 bats
  5 frilled lizards
  6 kobolds
  8 rats
65 creatures vanquished.

Notes
Turn   | Place    | Note
-------+----------+-------------------------------------------
     0 | D:1      | Monsterracer the Felid Wanderer began the quest for the
                  | Orb.
     0 | D:1      | Monsterracer set off with the following items: a ration, a
                  | potion of heal wounds, 2 potions of curing, a potion of
                  | haste
     0 | D:1      | Reached XP level 1. HP: 9/9 MP: 2/2
   331 | D:1      | HP: 4/9 [ball python (1)]
   360 | D:1      | HP: 2/9 [leopard gecko (3)]
   637 | D:1      | Reached XP level 2. HP: 10/13 MP: 3/3
  1083 | D:1      | HP: 4/13 [hobgoblin (4)]
  1647 | D:2      | Reached XP level 3. HP: 16/16 MP: 4/4
  1848 | D:2      | HP: 7/16 [worm (6)]
  2339 | D:2      | Found a white marble altar of Elyvilon.
  2443 | D:2      | Found a white marble altar of Elyvilon.
  2525 | D:2      | HP: 7/16 [worm (4)]
  2966 | D:3      | Reached XP level 4. HP: 12/20 MP: 5/5
  2967 | D:3      | HP: 10/20 [poisoned by an adder]
  3151 | D:3      | HP: 7/20 [river rat (5)]
  3256 | D:3      | HP: 10/21 [adder (1)]
  3263 | D:3      | HP: 4/21 [adder (3)]
  3264 | D:3      | Slain by an adder
  3265 | D:3      | Reached XP level 3. HP: -1/17 MP: 4/4
  3367 | D:3      | HP: 8/17 [poisoned by an adder]
  3369 | D:3      | Found a glowing drain.
  3372 | D:3      | HP: 5/17 [poisoned by an adder]
  3376 | Sewer    | Entered a sewer
  3380 | Sewer    | HP: 4/17 [poisoned by an adder]
  3691 | Sewer    | HP: 7/17 [river rat (2)]
  3700 | Sewer    | HP: 7/17 [river rat (1)]
  3703 | Sewer    | Reached XP level 4. HP: 9/21 MP: 5/5
  3893 | Sewer    | HP: 9/21 [river rat (3)]
  3925 | Sewer    | HP: 5/21 [worm (6)]
  4156 | Sewer    | Noticed a big kobold
  4181 | Sewer    | Killed a big kobold
  4181 | Sewer    | Reached XP level 5. HP: 19/24 MP: 6/6
  4393 | Sewer    | Reached skill level 5 in Unarmed Combat
  4440 | Sewer    | HP: 12/25 [poisoned by an adder]
  4448 | Sewer    | HP: 11/25 [poisoned by an adder]
  4690 | Sewer    | HP: 9/25 [river rat (5)]
  4690 | Sewer    | HP: 3/25 [river rat (6)]
  4699 | Sewer    | Slain by a river rat

Skill      XL: |  1  2  3  4  5 |
---------------+----------------+-----
Unarmed Combat | 3 4 5 |  5.0
Fighting       | 3 |  3.7
Dodging        | |  0.5
Stealth        | |  6.6
Evocations     | |  1.1

Action                   |  1- 3 |  4- 6 || total
-------------------------+-------+-------++-------
Melee: Unarmed           |   147 |    71 ||   218
       Bite              |     9 |     4 ||    13
  Use: Scroll            |     3 |     2 ||     5
       Potion            |     1 |     1 ||     2
 Stab: Sleeping          |     9 |     1 ||    10
  Eat: Chunk             |    13 |     1 ||    14
Armor: Skin              |    10 |     1 ||    11
Dodge: Dodged            |   100 |    44 ||   144

Levels and vault maps discovered:
D:1:      sevenhm_arrival_forest_fort_large_2, layout_rooms,
          nrook_loot_triangle, corner_web_ring, fountainhead,
          minmay_misc_feat_alley, minmay_octomino_c4
D:2:      layout_loops_cross, elyvilon_altar_3
D:3:      layout_rooms, lightli_sewer_entry_pipes
Sewer:    sewer_co_15_rooms
